 Dungeon Crawl Stone Soup version 0.26-a0-812-g31a745ddcd (webtiles) character file.

Game seed: 16205926932638689200

4664 Riddle the Fighter (level 10, -24/87 (90) HPs)
             Began as a Green Draconian Fighter on Nov 14, 2020.
             Was a Follower of Ru.
             Annihilated by a shadow (28 damage)
             ... on level 8 of the Dungeon.
             The game lasted 00:16:30 (11193 turns).

Riddle the Fighter (Green Draconian Fighter)       Turns: 11193, Time: 00:16:30

HP:   -24/87 (90)   AC: 10    Str: 19    XL:     10   Next: 20%
MP:   10/10         EV: 14    Int:  8    God:    Ru [*.....]
Gold: 909           SH: 11    Dex: 14    Spells: 9/9 levels left

rFire    . . .     SeeInvis .   a - +0 long sword
rCold    . . .     Faith    .   b - +0 kite shield
rNeg     . . .     Spirit   .   (armour unavailable)
rPois    +         Reflect  .   t - +0 hat
rElec    .         Harm     .   (no cloak)
rCorr    .         Rampage  .   C - +2 pair of gloves
MR       .....     Rnd*Tele +   (no boots)
Stlth    +.........             (no amulet)
HPRegen  0.24/turn              r - ring of wizardry
MPRegen  0.12/turn              w - ring of teleportation

@: short of breath, no potions, drained
A: breathe noxious fumes, unfitting armour, poison resistance, cold-blooded,
inability to drink while threatened, AC +7
a: Breathe Noxious Fumes, Renounce Religion


You were on level 8 of the Dungeon.
You worshipped Ru.
Ru was aware of your devotion.
You visited 2 branches of the dungeon, and saw 10 of its levels.
You also visited: Ossuary.

You collected 909 gold pieces.

Inventory:

Hand Weapons
 a - a +0 long sword (weapon)
Armour
 b - a +0 kite shield (worn)
 t - a +0 hat (worn)
 C - a +2 pair of gloves (worn)
Jewellery
 r - a ring of wizardry (left hand)
 w - a ring of teleportation (right hand)
Wands
 s - a wand of acid (7)
Scrolls
 d - 5 scrolls of remove curse
 f - a scroll of magic mapping
 g - 8 scrolls of identify
 h - 2 scrolls of fog
 i - a scroll of fear
 k - 2 scrolls of blinking {unknown}
 n - a scroll of random uselessness {unknown}
 o - 2 scrolls of teleportation {unknown}
 p - 6 scrolls of enchant armour
 y - a scroll of amnesia {unknown}
 D - a scroll of noise {unknown}
 E - a scroll of enchant weapon {unknown}
Potions
 c - 2 potions of might
 e - a potion of flight
 j - 4 potions of attraction {unknown}
 l - a potion of cancellation {unknown}
 m - 4 potions of heal wounds
 q - a potion of ambrosia {unknown}
 u - 4 potions of lignification {unknown}
 v - 3 potions of degeneration {unknown}
 x - 5 potions of curing {unknown}
 z - a potion of brilliance {unknown}
 A - 3 potions of berserk rage {unknown}
 B - a potion of mutation {unknown}


   Skills:
 + Level 8.9(8.0) Fighting
 + Level 7.8(7.0) Long Blades
 + Level 7.4(6.6) Dodging
 + Level 8.1(7.3) Shields


You had 9 spell levels left.
You didn't know any spells.
Your spell library contained the following spells:

 Spells                   Type           Power        Failure   Level
 Foxfire                  Conj/Fire      #...         41%         1
 Conjure Flame            Conj/Fire      #.......     77%         3
 Inner Flame              Hex/Fire       #.......     77%         3
 Sticky Flame             Conj/Fire      #.......     98%         4
 Fireball                 Conj/Fire      #.........   100%        5


Dungeon Overview and Level Annotations

Branches:
Dungeon (9/15)             Temple (1/1) D:7         Ossuary (visited)
   Lair: D:8-11         Orc: D:9-12

Altars:
Ashenzari
Cheibriados
Dithmenos
Elyvilon
Fedhas
Gozag
Hepliaklqana
Kikubaaqudgha
Makhleb
Nemelex Xobeh
Okawaru
Qazlal
Ru
Sif Muna
Trog
Uskayaw
Vehumet
Wu Jian
Xom
Yredelemnul
Zin
The Shining One

Annotations:
D:5 2 transporters
D:8 2 transporters, ANON1729's ghost, novice MfGl


Innate Abilities, Weirdness & Mutations

You can breathe blasts of noxious fumes.
Your lurid green scales are hard. (AC +7)
You cannot fit into any form of body armour.
Your system is resistant to poisons. (rPois)
You are cold-blooded and may be slowed by cold attacks.
You cannot drink potions while threatened.


Message History

Unknown command.
The shadow strikes at you from the darkness!
* * * LOW HITPOINT WARNING * * *
Reactivating autopickup.
There is an open door, spattered with blood here.
Okay, then.
You cannot drink potions in your current state!
Okay, then.
Unknown command.
Unknown command.
The shadow slips into darkness.
The shadow flickers and vanishes!
Deactivating autopickup; reactivate with Ctrl-A.
As you read the scroll labelled DISEEB KEODE, it crumbles to dust.
You feel aware of your surroundings.
It was a scroll of magic mapping.
As you read the scroll labelled GUCUAWINNU, it crumbles to dust.
You assume a fearsome visage.
Nothing appears to happen.
It was a scroll of fear.
The shadow strikes at you from the darkness!
You die...

#.........#....#....# #....#...
#.......<.##...#....#####....##..
#..####...##.).###'#.....######..
##+####...##...#...#.....'.......
#..............#...#.....#.......
#..............##..#.....#.......
#####.....####'##..#.....##'###..
#..##.....##...##..'.....#...##..
#..........#....@{.#.§.§.#.......
#..........#...###+#§§§..#.......
#..##......#.>.#.§§§§§§..#.......
#'###......#...#.§§§§§§..#...####
#..##########'##.§.§§§...#...#...
#..#.....................#...#...
#'##.....................#####...
.........................'...#...
.........................#...#...


There were no monsters in sight!

Vanquished Creatures
  A two-headed ogre (D:9)
  A troll (D:9)
  4 yaks (D:7)
  2 orc warriors
  5 ice beasts
  2 sky beasts
  A necrophage (D:7)
  3 ogres
  8 bullfrogs
  5 scorpions
  2 wights (D:9)
  3 howler monkeys (D:8)
  8 hounds
  A quasit (D:7)
  2 orc priests (D:6)
  2 bullfrog zombies
  3 bullfrog skeletons
  4 orc wizards (D:6)
  A centaur skeleton (D:7)
  3 iguanas
  8 worker ants
  An ogre zombie (D:9)
  2 hound zombies
  8 mummies (Ossuary)
  2 worker ant zombies
  8 gnolls
  2 howler monkey skeletons
  8 adders
  3 shadow imps
  2 white imps
  6 ufetubi
  A worm (D:3)
  4 dart slugs
  5 leopard geckos
  9 orcs
  2 ball pythons (D:2)
  6 giant cockroaches
  6 hobgoblins
  15 jackals
  2 quokkas
  6 bats
  13 frilled lizards
  16 goblins
  A hobgoblin skeleton (D:9)
  4 hobgoblin zombies
  A jackal zombie (D:5)
  6 kobolds
  3 kobold zombies (Ossuary)
  5 orc zombies
  6 rats
222 creatures vanquished.

Notes
Turn   | Place    | Note
-------+----------+-------------------------------------------
     0 | D:1      | Riddle the Draconian Fighter began the quest for the Orb.
     0 | D:1      | Reached XP level 1. HP: 19/19 MP: 1/1
   257 | D:1      | Reached XP level 2. HP: 26/26 MP: 2/2
   522 | D:1      | Reached XP level 3. HP: 27/31 MP: 3/3
  1021 | D:2      | Found a snail-covered altar of Cheibriados.
  1065 | D:2      | Found a blossoming altar of Fedhas.
  1241 | D:2      | Found a stormy altar of Qazlal.
  1540 | D:2      | Reached XP level 4. HP: 40/40 MP: 4/4
  2238 | D:3      | Found a sacrificial altar of Ru.
  2268 | D:3      | Became a worshipper of Ru the Awakened
  2878 | D:3      | Reached XP level 5. HP: 38/46 MP: 5/5
  3049 | D:4      | Noticed an ogre
  3386 | D:4      | Gained mutation: You cannot drink potions while threatened.
                  | [Ru sacrifice]
  3386 | D:4      | Reached * piety under Ru
  3644 | D:4      | Noticed an ogre
  3651 | D:4      | Killed an ogre
  3651 | D:4      | Reached XP level 6. HP: 53/53 MP: 6/6
  4437 | D:5      | Entered Level 5 of the Dungeon
  4447 | D:5      | Reached skill level 5 in Fighting
  4644 | D:5      | Found a white marble altar of Elyvilon.
  4647 | D:5      | Noticed a two-headed ogre
  4648 | D:5      | Found a transporter.
  4661 | D:5      | Found a transporter.
  4720 | D:5      | Your scales start taking on a lurid green colour.
  4720 | D:5      | Reached XP level 7. HP: 49/61 MP: 7/7
  4720 | D:5      | Gained mutation: Your system is resistant to poisons.
                  | (rPois) [Green Draconian growth]
  5288 | D:5      | Reached skill level 5 in Shields
  5518 | D:5      | Found an iron altar of Okawaru.
  5589 | D:6      | Found an opulent altar of Gozag.
  5810 | D:5      | Reached skill level 5 in Long Blades
  5810 | D:5      | Reached skill level 5 in Dodging
  5810 | D:5      | Reached XP level 8. HP: 64/70 MP: 8/8
  6075 | D:6      | Found a sand-covered staircase.
  6162 | Ossuary  | Entered an ossuary
  8304 | D:7      | Found a staircase to the Ecumenical Temple.
  8331 | D:7      | Reached XP level 9. HP: 73/79 MP: 9/9
  9188 | Temple   | Entered the Ecumenical Temple
  9751 | D:8      | Found a transporter.
  9751 | D:8      | Noticed ANON1729's ghost (novice MfGl)
  9800 | D:8      | Found a transporter.
  9851 | D:8      | Found a hazy altar of Hepliaklqana.
  9937 | D:8      | Found a basalt altar of Yredelemnul.
 10596 | D:9      | Noticed a troll
 10619 | D:9      | Killed a troll
 10737 | D:9      | Noticed a two-headed ogre
 10756 | D:9      | Killed a two-headed ogre
 10756 | D:9      | Reached XP level 10. HP: 66/87 MP: 10/10
 11188 | D:8      | HP: 3/87 [something (13)]
 11193 | D:8      | Annihilated by a shadow

Illustrated notes

Levels and vault maps discovered:
D:1:      lemuel_arrival_cross, layout_basic
D:2:      layout_rooms, cheibriados_altar_1, nicolae_qazlal_general_emergency,
          fedhas_altar_2
D:3:      layout_basic, nicolae_ru_sacrificial_ziggurat
D:4:      kennysheep_six_static_rooms, layout_basic
D:5:      layout_basic, gammafunk_temple_overflow_arena,
          kennysheep_okawaru_gauntlet
D:6:      cheibrodos_quashed, layout_layer_cave, nicolae_ossuary_entry_plus,
          basic_altar, kennysheep_big_empty_room
D:7:      layout_loops_cross, minmay_temple_entry_waves,
          kennysheep_generic_room_6
D:8:      layout_gridville, yredelemnul_altar_generic,
          overflow_temple_1_default, gammafunk_ghost_mausoleum
D:9:      layout_small_grid, zombieorc2_lemuel, serial_rivers,
          chequers_serial_rivers_micro_a, chequers_serial_rivers_room_a,
          chequers_serial_rivers_large_b, chequers_serial_rivers_micro_e
Temple:   nicolae_temple_elliptical

Skill      XL: |  1  2  3  4  5  6  7  8  9 |
---------------+----------------------------+-----
Dodging        | 3 4 5 6 7 |  7.4
Fighting       | 4 5 6 7 8 |  8.9
Long Blades    | 3 4 5 6 7 |  7.8
Shields        | 4 5 6 8 |  8.1

Action                   |  1- 3 |  4- 6 |  7- 9 | 10-12 || total
-------------------------+-------+-------+-------+-------++-------
Melee: Long sword        |   117 |   158 |   513 |    46 ||   834
       Tailslap          |     9 |    28 |   123 |     8 ||   168
Invok: Sacrifice Drink   |       |     1 |       |       ||     1
       Reject Sacrifices |       |       |     1 |       ||     1
 Abil: Breathe Noxious F |       |       |    25 |     2 ||    27
  Use: Potion            |     2 |       |       |       ||     2
       Scroll            |       |       |       |     5 ||     5
 Stab: Sleeping          |       |     2 |     2 |       ||     4
       Confused          |       |       |    23 |     1 ||    24
       Distracted        |       |       |     2 |       ||     2
Armor: Skin              |    24 |    33 |    91 |     6 ||   154
Dodge: Dodged            |    66 |    80 |   261 |    14 ||   421
Block: Kite shield       |    72 |    92 |   244 |    25 ||   433
       Rpst.: Long sword |    16 |    29 |    87 |     4 ||   136

Table legend: (Time is in decaauts)
 A = Elapsed time spent in this place.
 B = Non-inter-level travel time spent in this place.
 C = Inter-level travel time spent in this place.
 D = Time resting spent in this place.
 E = Time spent auto-exploring this place.
 F = Levels seen in this place.
 G = Mean time per level.
                   A        B        C        D        E       F      G
               +--------+--------+--------+--------+--------+-----+--------+
         Total |  11401 |  10888 |    513 |   1871 |   6953 |  11 | 1036.5 |
       Dungeon |  10555 |  10060 |    495 |   1597 |   6532 |   9 | 1172.8 |
        Temple |    141 |    123 |     18 |      0 |    122 |   1 |  141.0 |
       Ossuary |    704 |    704 |      0 |    274 |    299 |   1 |  704.0 |
               +--------+--------+--------+--------+--------+-----+--------+

Top non-repeatable levels by time:
     D:6: 1776 daAuts
     D:4: 1325 daAuts
     D:1: 1308 daAuts
     D:5: 1286 daAuts
     D:8: 1186 daAuts
     D:3: 1169 daAuts
     D:7: 1142 daAuts
     D:2: 723 daAuts
 Ossuary: 704 daAuts
     D:9: 637 daAuts
  Temple: 141 daAuts
